 Dungeon Crawl Stone Soup version 0.17-a0-1399-gd5b76e1 (webtiles) character file.

2336 Kidiri the Chopper (level 9, -14/56 HPs)
             Began as a Gargoyle Fighter on June 18, 2015.
             Was an Initiate of Qazlal.
             Demolished by Erolcha
             ... wielding a +0 giant club
              (19 damage)
             ... on level 8 of the Dungeon.
             The game lasted 00:27:28 (7380 turns).

Kidiri the Chopper (Gargoyle Fighter)               Turns: 7380, Time: 00:27:29

Health: -14/56     AC: 16    Str: 28    XL:     9   Next: 42%
Magic:  11/11      EV:  9    Int:  8    God:    Qazlal [......]
Gold:   402        SH: 12    Dex: 19    Spells: 0 memorised, 8 levels left

rFire  . . .     SeeInvis .     a - +0 war axe
rCold  . . .     Clarity  .     K - +1 ring mail of Least Resistance {rElec rCorr Str+4 Dex+4} (curse)
rNeg   + . .     SustAt   +     c - +0 shield
rPois  ∞         Gourm    .     (no helmet)
rElec  +         Spirit   .     (no cloak)
rCorr  +         Warding  .     n - +2 pair of gloves
rMut   .         Stasis   .     (no boots)
MR     .....                    (no amulet)
Stlth  +.........               E - ring of sustain attributes
                                m - +6 ring of dexterity

@: very slightly contaminated, not resistant to hostile enchantments, very
unstealthy
A: negative energy resistance 1, electricity resistance, unbreathing,
petrification resistance, rot immunity, AC +5
a: Renounce Religion


You were on level 8 of the Dungeon.
You worshipped Qazlal.
Qazlal was noncommittal.
You were not hungry.

You visited 2 branches of the dungeon, and saw 9 of its levels.
You also visited: Ossuary.

You collected 402 gold pieces.

Inventory:

Hand weapons
 a - a +0 war axe (weapon)
Armour
 c - a +0 shield (worn)
 n - a +2 pair of gloves (worn)
 r - a +0 chain mail
 K - the cursed +1 ring mail of Least Resistance (worn) {rElec rCorr Str+4 Dex+4}
   (You found it on level 8 of the Dungeon)

   It affects your strength (+4).
   It affects your dexterity (+4).
   It insulates you from electricity.
   It protects you from acid and corrosion.
   It has a curse placed upon it.
Jewellery
 m - a +6 ring of dexterity (left hand)
 x - an uncursed ring of magical power
 y - a +3 ring of evasion
 A - an uncursed ring of positive energy
 E - a ring of sustain attributes (right hand)
Magical devices
 o - a wand of confusion (15)
 p - a wand of slowing (4)
 F - a wand of teleportation (2)
Scrolls
 b - 7 scrolls of teleportation {unknown}
 h - 4 scrolls of fear
 j - a scroll of recharging
 s - 6 scrolls of random uselessness {unknown}
 t - 3 scrolls of magic mapping
 v - 4 scrolls of immolation {unknown}
 B - 4 scrolls of remove curse {unknown}
 G - a scroll of fog {unknown}
Potions
 d - 2 potions of might
 g - 2 potions of flight
 k - 3 potions of curing
 l - 2 potions of invisibility
 q - 4 potions of brilliance
 w - a potion of cure mutation
 z - a potion of cancellation {unknown}
 C - a potion of resistance
 D - 2 potions of haste
 H - a potion of mutation {unknown}
 I - a potion of berserk rage {unknown}
 J - a potion of lignification {unknown}
Comestibles
 e - 4 bread rations
 f - 2 royal jellies
 i - 2 beef jerkies


   Skills:
 + Level 6.7 Fighting
 * Level 7.1 Axes
 + Level 6.7 Armour
 + Level 6.8 Shields
 + Level 2.7 Invocations


You had 8 spell levels left.
You didn't know any spells.

Dungeon Overview and Level Annotations

Branches:
Dungeon (8/15)             Temple (1/1) D:7
   Lair: D:8-11

Altars:
Cheibriados
Elyvilon
Fedhas
Gozag
Kikubaaqudgha
Makhleb
Nemelex Xobeh
Okawaru
Qazlal
Ru
Sif Muna
Trog
Vehumet
Xom
Yredelemnul
Zin
The Shining One

Annotations:
D:5 Blork the orc
D:8 Erolcha


Innate Abilities, Weirdness & Mutations

You are resistant to torment.
Your stone body is resilient (AC +5).
You are immune to poison.
You resist negative energy.
You are resistant to electric shocks.
You can survive without breathing.
You are immune to petrification.
You are immune to rotting.


Message History

You hear some strange, mumbled words.
A fireball appears from out of thin air!
The fireball explodes!
The fireball engulfs you!
You hear some strange, mumbled words.
A puff of flame appears from out of thin air!
The puff of flame hits you!
You can move again.
Drink which item? (? for menu, Esc to quit)
You feel better.
Drink which item? (? for menu, Esc to quit)
You feel better. Something hits you!
* * * LOW HITPOINT WARNING * * *
Erolcha appears from thin air!
Reactivating autopickup.
You are too injured to fight recklessly!
You are too injured to fight recklessly!
You slash Erolcha!
Erolcha is heavily wounded.
Erolcha hits you with a giant club!!
You die...

#### ##.####
####@.#
..##..#####...#O##
.#
#.###.......####.##
. #..####....##
#..## .# ##..#
##...## #...###.#
#...# ##...##
#....#..# ##...#
##..{###.....).#
.....#
#....##.......#
...<.#
##............#


You could see Erolcha.

Vanquished Creatures
  Pikel (D:7)
  A deep elf mage (D:7)
  Edmund (D:5)
  A black bear (D:7)
  A slave (D:7)
  2 ogres
  3 ice beasts
  A centaur (D:6)
  A scorpion (D:4)
  3 crimson imps
  3 hounds
  A centaur zombie (Ossuary)
  A human zombie (Ossuary)
  3 iguanas
  A giant frog skeleton (D:7)
  A gnoll shaman (D:7)
  3 orc wizards (D:5)
  4 worker ants
  A hound skeleton (D:3)
  4 mummies (Ossuary)
  7 adders
  7 gnolls
  2 shadow imps (D:7)
  An adder zombie (D:6)
  5 oozes
  A worm (D:2)
  4 giant geckos
  4 orcs
  4 ball pythons
  A bat skeleton (D:5)
  A bat zombie (D:7)
  8 giant cockroaches
  12 goblins
  13 hobgoblins
  17 jackals
  6 kobolds
  A quokka (D:2)
  4 bats
  A giant gecko skeleton (D:4)
  5 giant newts
  A gnoll zombie (Ossuary)
  2 goblin zombies (Ossuary)
  A kobold zombie (Ossuary)
  2 orc zombies (Ossuary)
  18 rats
165 creatures vanquished.

Vanquished Creatures (others)
  A kobold (D:7)
1 creature vanquished.

Grand Total: 166 creatures vanquished

Notes
Turn   | Place    | Note
--------------------------------------------------------------
     0 | D:1      | Kidiri the Gargoyle Fighter began the quest for the Orb.
     0 | D:1      | Reached XP level 1. HP: 14/14 MP: 1/1
     1 | D:1      | Found a runed door.
    23 | D:1      | Reached XP level 2. HP: 14/19 MP: 2/2
    45 | D:1      | Reached XP level 3. HP: 12/23 MP: 3/3
  1340 | D:2      | Reached XP level 4. HP: 27/29 MP: 4/4
  1397 | D:2      | Reached skill level 4 in Armour
  2236 | D:3      | Found a sparkling altar of Nemelex Xobeh.
  2311 | D:3      | Found a glowing golden altar of the Shining One.
  2480 | D:3      | Reached XP level 5. HP: 33/33 MP: 5/5
  3007 | D:4      | Reached XP level 6. HP: 38/38 MP: 6/6
  3048 | D:4      | Found a blossoming altar of Fedhas.
  3294 | D:4      | Noticed an ogre
  3303 | D:4      | Killed an ogre
  3527 | D:5      | Entered Level 5 of the Dungeon
  3631 | D:5      | Found a basalt altar of Yredelemnul.
  3636 | D:5      | Reached XP level 7. HP: 40/44 MP: 7/7
  3657 | D:5      | Found a sand-covered staircase.
  3689 | Ossuary  | Entered an ossuary
  4013 | Ossuary  | Reached skill level 5 in Shields
  4078 | D:5      | Reached skill level 5 in Fighting
  4078 | D:5      | Reached skill level 5 in Armour
  4119 | D:5      | Found an ancient bone altar of Kikubaaqudgha.
  4201 | D:5      | Reached skill level 5 in Axes
  4228 | D:5      | Noticed Blork the orc
  4239 | D:5      | Found a deep blue altar of Sif Muna.
  4416 | D:5      | Noticed Edmund
  4431 | D:5      | Killed Edmund
  4516 | D:5      | Reached XP level 8. HP: 49/49 MP: 8/8
  4618 | D:5      | Found a burning altar of Makhleb.
  4894 | D:6      | Found a white marble altar of Elyvilon.
  5665 | D:7      | Found a staircase to the Ecumenical Temple.
  5672 | Temple   | Entered the Ecumenical Temple
  5693 | Temple   | Became a worshipper of Qazlal Stormbringer
  5899 | D:7      | Reached skill level 6 in Axes
  5931 | D:7      | Reached skill level 1 in Invocations
  6140 | D:7      | Found an iron altar of Okawaru.
  6169 | D:7      | Noticed Pikel
  6227 | D:7      | Killed Pikel
  6227 | D:7      | Reached XP level 9. HP: 43/56 MP: 8/10
  6792 | D:7      | Reached skill level 7 in Axes
  7295 | D:8      | Got a scorched ring mail
  7306 | D:8      | Identified the cursed +1 ring mail of Least Resistance {rElec rCorr Str+4 Dex+4} (You found it on level 8 of the Dungeon)
  7332 | D:8      | Noticed Erolcha
  7371 | D:8      | Paralysed by something for 6 turns
  7380 | D:8      | Demolished by Erolcha

Vault maps used:
D:1:      dpeg_arrival_caged_fury, hangedman_feature_mirror,
          minmay_strange_pillars, serial_bayou_lagoon_b
D:3:      old_standard_altar, lemuel_round_altar
D:4:      nicolae_overflow_crystal_walls
D:5:      tgw_sif, lemuel_doored_altar, makhleb_blood_cavern_becter,
          kennysheep_mini, nicolae_ossuary_entry_ruins, first_bread, uniq_edmund
D:6:      elyvilon_altar_3, minmay_misc_feat_hallway
D:7:      okawaru_trees_2, minmay_temple_entry_grid, uniq_pikel
D:8:      lemuel_coloured_pillars_altar, cheibrodos_ashenzari_chains,
          serial_shops, shop, uniq_erolcha
Temple:   minmay_temple_bridge_a_8
Ossuary:  ossuary_crypta

Action                   |  1- 3 |  4- 6 |  7- 9 || total
-------------------------+-------+-------+-------++-------
Melee: War axe           |   132 |   179 |   318 ||   629
  Use: Scroll            |     4 |     8 |     8 ||    20
       Potion            |       |       |     2 ||     2
  Eat: Bread ration      |     1 |       |     1 ||     2
       Chunk             |       |     4 |       ||     4
       Pizza             |       |     1 |       ||     1
       Meat ration       |       |       |     1 ||     1
       Fruit             |       |       |     7 ||     7
